 Dungeon Crawl Stone Soup version 0.17-a0-131-ga9cda9c (webtiles) character file.

4211 Tabbe the Archer (level 10, -5/60 HPs)
             Began as a High Elf Hunter on Mar 24, 2015.
             Was a Priest of Okawaru.
             Slain by an orc warrior
             ... wielding a +2 hand axe of venom
              (8 damage)
             ... on level 8 of the Dungeon.
             The game lasted 00:16:46 (7017 turns).

Tabbe the Archer (High Elf Hunter)                  Turns: 7017, Time: 00:16:46

Health: -5/60      AC: 19    Str: 13    XL:     10   Next: 8%
Magic:  17/17      EV:  9    Int: 20    God:    Okawaru [***...]
Gold:   347        SH:  0    Dex: 20    Spells: 0 memorised, 9 levels left

rFire  + . .     SeeInvis .     a - +2 short sword (elec)
rCold  . . .     Clarity  .     N - +7 chain mail of Seroocwuo {Str+2}
rNeg   . . .     SustAb   .     (no shield)
rPois  .         Gourm    .     (helmet restricted)
rElec  .         Spirit   .     u - +0 cloak
rCorr  .         Warding  .     x - +0 pair of gloves
rMut   .         Stasis   .     (no boots)
MR     +....                    (no amulet)
Stlth  ++........               T - ring of stealth
                                s - ring of protection from fire

@: brilliant, lethally poisoned (-5 -> -21), hasted, very quick, somewhat
resistant to hostile enchantments, unstealthy
A: horns 1
a: Heroism, Renounce Religion


You were on level 8 of the Dungeon.
You worshipped Okawaru.
Okawaru was most pleased with you.
You were not hungry.

You visited 1 branch of the dungeon, and saw 8 of its levels.

You collected 347 gold pieces.

Inventory:

Hand weapons
 a - a +2 short sword of electrocution (weapon)
 b - a +1 shortbow
 j - a +0 short sword
 m - a +1 dagger of venom
 C - a +0 rapier
 E - a +0 long sword
Missiles
 c - 160 arrows
Armour
 d - a +0 leather armour
 r - a +0 pair of gloves
 u - a +0 cloak (worn)
 x - a +0 pair of gloves (worn)
 y - a -2 leather armour
 G - a +3 leather armour
 N - the +7 chain mail of Seroocwuo (worn) {Str+2}
   (You found it on level 6 of the Dungeon)

   It affects your strength (+2).
Jewellery
 s - a ring of protection from fire (left hand)
 T - a ring of stealth (right hand)
Magical devices
 I - a wand of fire (0)
 P - a wand of confusion (0)
 R - a wand of confusion (33)
 U - a wand of slowing (9)
Scrolls
 e - 9 scrolls of identify
 h - a scroll of magic mapping {unknown}
 i - 2 scrolls of noise {unknown}
 l - 2 scrolls of recharging {unknown}
 n - 2 scrolls of random uselessness {unknown}
 o - 2 scrolls of enchant armour {unknown}
 p - a scroll of fog {unknown}
 t - 2 scrolls of fear {unknown}
 A - 7 scrolls of remove curse
 K - a scroll of immolation {unknown}
 Q - a scroll of teleportation {unknown}
Potions
 q - a potion of ambrosia {unknown}
 w - a potion of poison {unknown}
 B - a potion of invisibility
 D - a potion of degeneration {unknown}
 F - 2 potions of agility
 L - a potion of brilliance
 O - 2 potions of restore abilities
Books
 H - a book of Fire

   Spells                             Type                      Level
   a - Ignite Poison                  Fire/Transmutation           5
   b - Fireball                       Conjuration/Fire             5
   c - Bolt of Fire                   Conjuration/Fire             6
   d - Delayed Fireball               Conjuration/Fire             7
   e - Ring of Flames                 Charms/Fire                  7
Comestibles
 f - 5 bread rations
 k - 6 meat rations
 v - 8 slices of pizza
 M - a chunk of flesh
 S - 2 beef jerkies


   Skills:
 - Level 2.0 Fighting
 + Level 8.1 Long Blades
 + Level 11.0 Bows
 + Level 4.7 Armour
 - Level 6.0 Dodging
 + Level 9.0 Stealth


You had 9 spell levels left.
You didn't know any spells.

Dungeon Overview and Level Annotations

Branches:
Dungeon (8/15)             Temple (0/1) D:4
   Lair: D:8-11

Altars:
Cheibriados
Makhleb
Nemelex Xobeh
Okawaru
Ru
Zin


Innate Abilities, Weirdness & Mutations

You have a pair of small horns on your head.


Message History

You flicker back into view.
You feel a little less agile now.
* * * LOW HITPOINT WARNING * * *
You feel sick.
The orc warrior hits you but does no damage.
You are more poisoned.
Drink which item? (? for menu, Esc to quit)
It was a potion of brilliance.
You feel clever all of a sudden.
* * * LOW HITPOINT WARNING * * *
You feel sick. The orc warrior closely misses you.
Drink which item? (? for menu, Esc to quit)
It was a potion of restore abilities.
You feel refreshed.
* * * LOW HITPOINT WARNING * * *
You feel sick.
Drink which item? (? for menu, Esc to quit)
It was a potion of haste.
You feel yourself speed up.
* * * LOW HITPOINT WARNING * * *
You feel sick.
The orc warrior hits you with a hand axe of venom!
You die...

#....#.#####.#
#..>..........
##.>.#^.......
##.##..####.#
###...<.## #.#
#........# #.#
#.####...# #.##
#.####...###..####o..
#........@oo.(.(((.o.
#.####...##.....##...
#.# ##...#.......##.
#.# #...............
#.# #..#.#.......###
#.# #..#.##.....##
#.# #..........##
#.###.##.###.###
#........# #.#


You could see an orc warrior and an orc.

Vanquished Creatures
  The ghost of Tabbe the Cleaver, an experienced MiBe of Trog (D:8)
  An unseen horror (D:7)
  Grinder (D:5)
  A hog (D:7)
  A human (D:7)
  An ice beast (D:7)
  A phantom (D:5)
  2 centaurs (D:6)
  An ogre (D:7)
  3 sky beasts
  A necrophage (D:7)
  A giant frog (D:6)
  A big kobold (D:7)
  A scorpion (D:7)
  8 wights
  5 killer bees (D:7)
  A centaur zombie (D:6)
  2 crimson imps
  A giant frog zombie (D:6)
  3 hounds
  7 jellies
  A centaur skeleton (D:5)
  A gnoll shaman (D:5)
  An iguana (D:6)
  3 orc priests
  4 worker ants
  An orc wizard (D:4)
  Natasha (twice) (D:6)
  3 sheep (D:7)
  A hound skeleton (D:4)
  A worker ant zombie (D:7)
  9 gnolls
  5 adders
  A giant mite (D:3)
  A shadow imp (D:6)
  2 worms
  3 giant geckos
  An ooze (D:2)
  12 orcs
  A ball python (D:5)
  8 bats
  3 bat skeletons
  A bat zombie (D:5)
  6 giant cockroaches
  15 hobgoblins
  8 jackals
  18 kobolds
  4 quokkas
  4 giant newts
  10 goblins
  A quokka skeleton (D:5)
  5 rats
180 creatures vanquished.

Notes
Turn   | Place    | Note
--------------------------------------------------------------
     0 | D:1      | Tabbe, the High Elf Hunter, began the quest for the Orb.
     0 | D:1      | Reached XP level 1. HP: 14/14 MP: 2/2
   351 | D:1      | Reached XP level 2. HP: 9/19 MP: 3/3
   640 | D:2      | Found an iron altar of Okawaru.
   655 | D:2      | Became a worshipper of Warmaster Okawaru
   789 | D:2      | Reached XP level 3. HP: 7/24 MP: 5/5
  1109 | D:2      | Reached skill level 6 in Bows
  1122 | D:2      | Found a sacrificial altar of Ru.
  1123 | D:2      | Found an iron altar of Okawaru.
  1124 | D:2      | Found a glowing silver altar of Zin.
  1125 | D:2      | Found a burning altar of Makhleb.
  1126 | D:2      | Found a sparkling altar of Nemelex Xobeh.
  1489 | D:2      | Reached XP level 4. HP: 18/29 MP: 7/7
  1786 | D:3      | Noticed a sky beast
  1797 | D:3      | HP: 1/29 [something (5)]
  1802 | D:3      | Killed a sky beast
  1802 | D:3      | Reached XP level 5. HP: 28/34 MP: 8/8
  2539 | D:4      | Reached skill level 1 in Long Blades
  2540 | D:4      | Found a staircase to the Ecumenical Temple.
  2576 | D:4      | Reached skill level 7 in Bows
  2576 | D:4      | Reached XP level 6. HP: 25/39 MP: 10/10
  3015 | D:4      | Acquired Okawaru's first power
  3168 | D:5      | Entered Level 5 of the Dungeon
  3392 | D:5      | Reached XP level 7. HP: 36/45 MP: 12/12
  3495 | D:5      | Reached skill level 5 in Dodging
  3541 | D:5      | Gained mutation: You have a pair of small horns on your head. [potion of beneficial mutation]
  3546 | D:5      | Reached skill level 5 in Stealth
  4273 | D:5      | Noticed Grinder
  4283 | D:5      | Killed Grinder
  4283 | D:5      | Reached skill level 8 in Bows
  4470 | D:5      | Reached XP level 8. HP: 50/50 MP: 13/13
  4751 | D:5      | Found a snail-covered altar of Cheibriados.
  5075 | D:6      | Reached skill level 5 in Long Blades
  5104 | D:6      | Got a translucent chain mail
  5133 | D:6      | Identified the +7 chain mail of Seroocwuo {Str+2} (You found it on level 6 of the Dungeon)
  5238 | D:6      | Reached skill level 1 in Armour
  5278 | D:6      | Reached skill level 9 in Bows
  5357 | D:6      | Noticed Natasha
  5363 | D:6      | Killed Natasha
  5379 | D:6      | Noticed Natasha
  5384 | D:6      | Killed Natasha
  5696 | D:7      | Reached XP level 9. HP: 54/54 MP: 15/15
  5885 | D:7      | Killed an unseen horror
  5892 | D:7      | Reached skill level 10 in Bows
  6906 | D:8      | Noticed Tabbe's ghost (experienced MiBe)
  6935 | D:8      | Killed Tabbe's ghost
  6935 | D:8      | Reached XP level 10. HP: 22/60 MP: 17/17
  7003 | D:8      | Reached skill level 11 in Bows
  7017 | D:8      | HP: 3/60 [poisoned by an orc warrior]
  7017 | D:8      | Slain by an orc warrior

Action                   |  1- 3 |  4- 6 |  7- 9 | 10-12 || total
-------------------------+-------+-------+-------+-------++-------
Melee: Short sword       |    63 |   146 |   320 |     7 ||   536
       Dagger            |     5 |    14 |    44 |       ||    63
 Fire: Shortbow          |    12 |    14 |    19 |    13 ||    58
Invok: Heroism           |       |       |     5 |       ||     5
Evoke: Wand              |       |     3 |     6 |     2 ||    11
  Use: Potion            |     1 |     1 |     5 |     6 ||    13
       Scroll            |       |     2 |     1 |       ||     3
 Stab: Sleeping          |     3 |     3 |     1 |       ||     7
       Distracted        |       |       |     1 |       ||     1
       Confused          |       |       |     1 |       ||     1
  Eat: Chunk             |     1 |     6 |    11 |       ||    18
       Fruit             |       |       |     2 |       ||     2
